 Dungeon Crawl Stone Soup version 0.22.1-2-g9c5b331 (webtiles) character file.

108 Gearfox the Skirmisher (level 4, -1/44 HPs)
             Began as a Draconian Fighter on Nov 27, 2018.
             Killed from afar by an orc wizard (4 damage)
             ... with a magic dart
             ... on level 3 of the Dungeon.
             The game lasted 00:08:29 (2200 turns).

Gearfox the Skirmisher (Draconian Fighter)          Turns: 2200, Time: 00:08:30

Health: -1/44      AC:  5    Str: 25    XL:     4   Next: 58%
Magic:  4/4        EV: 10    Int:  8    God:
Gold:   132        SH:  9    Dex: 10    Spells: 3/3 levels left

rFire    . . .     SeeInvis .   n - +5 dagger (venom)
rCold    . . .     Gourm    .   b - +0 shield
rNeg     . . .     Faith    .   (armour unavailable)
rPois    .         Spirit   .   (helmet restricted)
rElec    .         Reflect  .   (no cloak)
rCorr    .         Harm     .   (no gloves)
MR       .....                  (no boots)
Stlth    +.........             (no amulet)
HPRegen  0.14/turn              (no ring)
MPRegen  0.09/turn              (no ring)

@: mighty
A: unfitting armour, cold-blooded, AC +5
a: no special abilities


You were on level 3 of the Dungeon.
You were not hungry.

You visited 1 branch of the dungeon, and saw 3 of its levels.

You collected 132 gold pieces.

Inventory:

Hand Weapons
 a - a +0 war axe
 n - a +5 dagger of venom (weapon)
Armour
 b - a +0 shield (worn)
 r - a scarf of spirit shield
Scrolls
 g - a scroll of remove curse
 i - a scroll of fear
 j - a scroll of enchant weapon
 m - a scroll of blinking
 o - a scroll of teleportation
Potions
 c - 2 potions of might
 e - a potion of flight {unknown}
 h - a potion of brilliance {unknown}
 k - a potion of cancellation {unknown}
 l - a potion of resistance {unknown}
 p - a potion of curing {unknown}
 q - a potion of agility {unknown}
 s - a potion of haste {unknown}
Comestibles
 d - 4 rations
 f - 3 chunks of flesh


   Skills:
 * Level 5.9 Fighting
 + Level 0.2 Short Blades
 - Level 2.0 Axes
 - Level 2.6 Dodging
 - Level 3.0 Shields


You had 3 spell levels left.
You didn't know any spells.
Your spell library was empty.

Dungeon Overview and Level Annotations

Branches:
Dungeon (3/15)

Altars:
Cheibriados

Annotations:
D:3 Terence


Innate Abilities, Weirdness & Mutations

Your plain brown scales are hard. (AC +5)
You cannot fit into any form of body armour.
You are cold-blooded and may be slowed by cold attacks.


Message History

The orc wizard gestures at you while chanting.
The magic dart hits you!
* * * LOW HITPOINT WARNING * * *
You block the orc's attack.
You feel very mighty all of a sudden.
The orc wizard hits you but does no damage.
The orc hits you from afar with a trident.
* * * LOW HITPOINT WARNING * * *
The orc wizard hits you but does no damage.
Some of the chunks of flesh in your inventory have rotted away.
You puncture the worm! You tail-slap the worm.
You kill the worm!
The orc wizard points at you and mumbles some strange words.
The magic dart hits you!
* * * LOW HITPOINT WARNING * * *
The orc hits you from afar with a trident.
* * * LOW HITPOINT WARNING * * *
The orc wizard points at you and mumbles some strange words.
The magic dart hits you!
You die...

...#### #......# *,,,,*
......####......# *,,,,*
.#.##...<.......##**** *,,,,*
.#.#######.......#*⌠⌠* **,,***
............##...#*__*****,_,*
##..........##.#.#8,,**,,*,*,*
.#..........##...#*++#*,,,,*,*
.#..........####.##..##,,,**,****
..#.........# #@#K...#.,,**,*,,,
..##..##.#######)oo.....,,**,*,,,
..##...#..####..........,,**,*,,,
...#...........##.......,,,*,,,,,
##.....#....###**##.....,,,,,*,,,
>.............*****.....,,,,,*,,,
....#>.........,,,,,##..,,,,,**,,
....#..###..#.#*,,,,,,..****,**,*
.....†...#..#...,***,**,* *,,,,*


You could see an orc wizard and an orc.

Vanquished Creatures
  4 adders
  3 worms
  2 dart slugs
  3 leopard geckos
  An orc (D:3)
  7 goblins
  6 hobgoblins
  5 jackals
  8 bats
  4 frilled lizards
  8 kobolds
  6 rats
57 creatures vanquished.

Notes
Turn   | Place    | Note
-------+----------+-------------------------------------------
     0 | D:1      | Gearfox the Draconian Fighter began the quest for the Orb.
     0 | D:1      | Reached XP level 1. HP: 19/19 MP: 1/1
   248 | D:1      | Reached XP level 2. HP: 27/27 MP: 2/2
   293 | D:1      | Reached skill level 4 in Fighting
   972 | D:2      | Reached XP level 3. HP: 32/34 MP: 3/3
  1357 | D:2      | Reached skill level 5 in Fighting
  1710 | D:2      | Found a snail-covered altar of Cheibriados.
  1849 | D:2      | Reached XP level 4. HP: 33/42 MP: 4/4
  2032 | D:3      | Noticed Terence
  2200 | D:3      | Killed from afar by an orc wizard

Skill      XL: |  1  2  3 |
---------------+----------+-----
Fighting       | 4 5 |  5.9
Short Blades   | |  0.2
Axes           | |  2.0
Dodging        | |  2.6
Shields        | |  3.0

Action                   |  1- 3 |  4- 6 || total
-------------------------+-------+-------++-------
Melee: War axe           |    75 |       ||    75
       Tailslap          |    10 |     3 ||    13
       Dagger            |    37 |    38 ||    75
  Use: Scroll            |     3 |     4 ||     7
       Potion            |       |     1 ||     1
  Eat: Chunk             |     3 |     1 ||     4
Armor: Skin              |    63 |    12 ||    75
Dodge: Dodged            |    87 |     9 ||    96
Block: Shield            |    88 |    24 ||   112
